 Dungeon Crawl Stone Soup version 0.30-a0-377-g5cb311bc9f (webtiles) character file.

Game seed: 12319409937583262980

417 qeuew the Trooper (level 6, -9/56 HPs)
             Began as a Hill Orc Fighter on Nov 29, 2022.
             Killed by divine providence
             ... invoked by an orc priest
              (10 damage)
             ... while paralysed by Grinder
             ... on level 5 of the Dungeon.
             The game lasted 00:04:19 (3567 turns).

qeuew the Trooper (Hill Orc Fighter)                Turns: 3567, Time: 00:04:20

Health: -9/56      AC: 10    Str: 16 (18) XL:     6   Next: 93%
Magic:  6/6        EV:  2    Int:  6 (7)  God:
Gold:   269        SH:  0    Dex: 19 (22) Spells: 5/5 levels left

rFire   . . .      SeeInvis .    a - +0 war axe (drain)
rCold   + . .      Faith    .    q - +0 kite shield
rNeg    . . .      Spirit   .    b - +0 scale mail
rPois   .          Reflect  .    (helmet restricted)
rElec   .          Harm     .    (no cloak)
rCorr   .          Rampage  .    o - +2 pair of gloves
Will    .....                    (no boots)
Stlth   ..........               (no amulet)
HPRegen 0.29/turn                g - ring of protection from cold
MPRegen 0.10/turn                h - +6 ring of dexterity

@: paralysed, mighty
A: antennae 1, agile 1
a: Convert to Beogh


You were on level 5 of the Dungeon.
You visited 1 branch of the dungeon, and saw 5 of its levels.

You collected 269 gold pieces.

Inventory:

Hand Weapons
 a - a +0 war axe of draining (weapon)
Armour
 b - a +0 scale mail (worn)
 o - a +2 pair of gloves (worn)
 q - a +0 kite shield (worn)
Jewellery
 c - a ring of positive energy
 g - a ring of protection from cold (left hand)
 h - a +6 ring of dexterity (right hand)
Wands
 i - a wand of roots (23)
 n - a wand of flame (4)
Scrolls
 e - a scroll of teleportation
 k - 2 scrolls of magic mapping
 m - a scroll of butterflies
Potions
 f - a potion of ambrosia
 j - 3 potions of haste
 l - 3 potions of flight
 p - a potion of heal wounds
 r - 2 potions of curing


   Skills:
 + Level 5.0 Fighting
 + Level 4.5 Axes
 + Level 4.5 Armour
 + Level 2.1 Dodging
 + Level 4.5 Shields
 + Level 2.1 Evocations


You had 5 spell levels left.
You didn't know any spells.
Your spell library contained the following spells:

 Spells                   Type           Power      Damage    Failure   Level
 Apportation              Tloc           0%         N/A       99%         1
 Foxfire                  Conj/Fire      0%         2x1d4     99%         1
 Necrotise                Necr           0%         1d4       99%         1
 Shock                    Conj/Air       0%         1d3       99%         1
 Slow                     Hex            0%         N/A       99%         1
 Summon Small Mammal      Summ           0%         N/A       99%         1
 Call Canine Familiar     Summ           0%         N/A       100%        3
 Confusing Touch          Hex            0%         N/A       100%        3
 Portal Projectile        Hex/Tloc       0%         N/A       100%        3
 Swiftness                Air            0%         N/A       100%        3
 Vampiric Draining        Necr           0%         2d6       100%        3
 Airstrike                Air            0%         2d(0-16)  100%        4
 Leda's Liquefaction      Hex/Erth       0%         N/A       100%        4
 Fireball                 Conj/Fire      0%         3d3       100%        5
 Starburst                Conj/Fire      0%         6d3       100%        6


Dungeon Overview and Level Annotations

Branches:
Dungeon (5/15)
 Temple: D:4-7

Altars:
Ashenzari
Cheibriados
Uskayaw
Vehumet
Yredelemnul

Shops:
D:2 ([[:=   D:5 :

Annotations:
D:4 1 runed translucent door, Zonian's ghost, amateur DjIE
D:5 Eustachio; Grinder


Innate Abilities, Weirdness & Mutations

You have a pair of small antennae on your head.
You are agile. (Dex +4, Str/Int -1)


Message History

You block the gnoll's attack. You block the river rat's attack.
The shadow imp barely misses you.
The gnoll hits you from afar with a +0 halberd.
You block the gnoll's attack. The gnoll hits you with a +0 whip.
Eustachio hits you with a +0 falchion of holy wrath!
Grinder shouts!
You hit Eustachio.
Eustachio is moderately wounded.
You barely miss the gnoll. You slash the river rat!
You kill the river rat!
The river rat's corpse disappears in a puff of smoke!
You barely miss the shadow imp. You closely miss the gnoll.
The ufetubus disappears in a puff of smoke!
The shadow imp disappears in a puff of smoke!
You block the hound's attack.
Eustachio hits you with a +0 falchion of holy wrath.
The gnoll hits you from afar with a +0 halberd.
You barely miss Eustachio.
Eustachio is moderately wounded.
You closely miss the hound. You closely miss the gnoll. You slash the gnoll!
The hound barely misses you.
The orc priest invokes the aid of Beogh against you.
Beogh smites you!
* * * LOW HITPOINT WARNING * * *
Eustachio hits you but does no damage. You block the gnoll's attack.
Grinder gestures at you.
You suddenly lose the ability to move!
The gnoll hits you from afar with a +0 halberd.
* * * LOW HITPOINT WARNING * * *
The hound bites you.
* * * LOW HITPOINT WARNING * * *
The gnoll hits you but does no damage.
Eustachio gestures wildly while chanting.
Eustachio blinks!
The gnoll hits you but does no damage. Grinder gestures at you.
You barely resist. The hound bites you but does no damage.
The hound bites you but does no damage.
The orc priest calls down the wrath of Beogh upon you.
Beogh smites you!
You die...

.......#!.##
##...#
>......#.##.
##.##
..#......##.
#.#
.##...#..##..
#.# ..
#.###.##...
##.# .. ..
.#...# ##..#
.....g#####...#
.....55gh.....#
.....og@#..#..#
.>..o.##...$..#
.....{{#.....##
.@.. ........#
.....#......5#
.. #......... .
#.......##..
...$...... ##.
...........


You could see Eustachio, Grinder, a hound, an orc priest, 3 gnolls, a crimson
imp (summoned), an orc and an ufetubus (summoned).

Vanquished Creatures
  An ogre (D:3)
  An orc priest (D:4)
  Ijyb (D:3)
  5 orc wizards
  3 gnolls (D:3)
  2 adders
  A worm (D:3)
  2 dart slugs
  10 orcs
  5 ball pythons
  5 endoplasms
  5 giant cockroaches
  5 goblins
  7 hobgoblins
  3 quokkas
  5 bats
  7 frilled lizards
  7 kobolds
  5 rats
80 creatures vanquished.

Vanquished Creatures (others)
  An orc wizard (D:3)
  2 withered plants (D:4)
3 creatures vanquished.

Grand Total: 83 creatures vanquished

Notes
Turn   | Place    | Note
-------+----------+-------------------------------------------
     0 | D:1      | qeuew the Hill Orc Fighter began the quest for the Orb.
     0 | D:1      | Reached XP level 1. HP: 19/19 MP: 1/1
   202 | D:1      | Reached XP level 2. HP: 25/27 MP: 2/2
   376 | D:1      | Found a faded altar of an unknown god.
   449 | D:1      | Reached XP level 3. HP: 33/33 MP: 3/3
   641 | D:1      | Reached skill level 4 in Fighting
   867 | D:1      | Gained mutation: You are agile. (Dex +4, Str/Int -1)
                  | [potion of mutation]
   867 | D:1      | Gained mutation: You have a pair of small antennae on your
                  | head. [potion of mutation]
  1026 | D:2      | Found Famudod's Armour Boutique.
  1085 | D:2      | Found Codooder's Antique Armour Shoppe.
  1091 | D:2      | Found Wooffowamm's Book Boutique.
  1109 | D:2      | Found Kefoy's Jewellery Boutique.
  1208 | D:2      | Found Erromabb's Weapon Boutique.
  1673 | D:3      | Reached skill level 1 in Dodging
  1673 | D:3      | Reached XP level 4. HP: 18/40 MP: 4/4
  1826 | D:3      | Noticed Ijyb
  1841 | D:3      | Killed Ijyb
  1842 | D:3      | Reached skill level 1 in Evocations
  1842 | D:3      | Reached XP level 5. HP: 19/47 MP: 5/5
  2033 | D:3      | Found a snail-covered altar of Cheibriados.
  2276 | D:3      | Noticed an ogre
  2283 | D:3      | Killed an ogre
  2284 | D:3      | Reached XP level 6. HP: 51/53 MP: 6/6
  2777 | D:4      | Found a radiant altar of Vehumet.
  2914 | D:4      | Found a runed translucent door.
  2914 | D:4      | Noticed Zonian's ghost (amateur DjIE)
  3324 | D:4      | Found a hide-covered altar of Uskayaw.
  3331 | D:4      | Reached skill level 5 in Fighting
  3383 | D:5      | Entered Level 5 of the Dungeon
  3408 | D:5      | Found Dahustrie's Book Emporium.
  3488 | D:5      | Found a basalt altar of Yredelemnul.
  3497 | D:5      | Found a broken altar of Ashenzari.
  3536 | D:5      | Noticed Eustachio
  3564 | D:5      | Noticed Grinder
  3566 | D:5      | Paralysed by Grinder for 4 turns
  3566 | D:5      | HP: 1/56 [hound (4)]
  3567 | D:5      | Killed from afar by an orc priest

Illustrated notes

Levels and vault maps discovered:
D:1:      tarquinn_simple_flora_water_b, layout_loops_ring,
          shapermc_ecumenical_altar_mp_vishouse, nicolae_figureground_pulse
D:2:      layout_loops_ring, serial_shops, shop_statue, shop, shop,
          nicolae_shop_temple_entry_statues_fountains, nicolae_square_shop
D:3:      layout_basic, mainiacjoe_overflow_surrounded_room,
          kennysheep_cross_room, uniq_ijyb
D:4:      layout_rooms, eat_drink_and_be_merry_uskayaw, vehumet_altar_wand_db,
          gammafunk_ghost_grave
D:5:      layout_cave_pools, mainiacjoe_overflow_swirl, serial_gnoll_camp,
          gnoll_camp_mini_doghouse, gnoll_camp_medium_01,
          gnoll_camp_mini_sergeant, gnoll_camp_mini_hut, gnoll_camp_huts_basic,
          gnoll_camp_mini_basic, serial_shops, shop_statue, uniq_grinder,
          uniq_pikel, uniq_eustachio, uniq_duvessa

Skill      XL: |  1  2  3  4  5  6 |
---------------+-------------------+-----
Axes           | 3 4 |  4.5
Fighting       | 4 5 |  5.0
Dodging        | 1 2 |  2.1
Armour         | 4 |  4.5
Shields        | 4 |  4.5
Evocations     | 1 2 |  2.1

Action                   |  1- 3 |  4- 6 || total
-------------------------+-------+-------++-------
Melee: War axe           |    94 |   134 ||   228
  Use: Scroll            |     6 |     6 ||    12
       Potion            |     3 |     4 ||     7
Armor: Scale mail        |    42 |    64 ||   106
Dodge: Dodged            |    34 |    75 ||   109
Block: Buckler           |    22 |    28 ||    50
       Kite shield       |       |    42 ||    42

Table legend: (Time is in decaauts)
 A = Elapsed time spent in this place.
 B = Non-inter-level travel time spent in this place.
 C = Inter-level travel time spent in this place.
 D = Time resting spent in this place.
 E = Time spent auto-exploring this place.
 F = Levels seen in this place.
 G = Mean time per level.
                   A        B        C        D        E       F      G
               +--------+--------+--------+--------+--------+-----+--------+
         Total |   3652 |   3491 |    161 |    100 |   2736 |   5 |  730.4 |
       Dungeon |   3652 |   3491 |    161 |    100 |   2736 |   5 |  730.4 |
               +--------+--------+--------+--------+--------+-----+--------+

Top non-repeatable levels by time:
     D:3: 1123 daAuts
     D:1: 1031 daAuts
     D:4: 690 daAuts
     D:2: 616 daAuts
     D:5: 190 daAuts
